Unix NetHack Version 5.0.0-0 post-release - last build May 17 2026 04:57:42 (dc50c8380fa5e20985bfe3072449f57b8d9895ef,branch:main).

Game began 2026-05-21 20:15:05, ended 2026-05-21 22:27:53.

BeardyHaddock, neutral male gnomish Archeologist

                    G
                    ..|
                   ...--
                  .....|
                  -....|
                  --@B.-
                   |):..
                   ---..

BeardyHaddock the Field Worker  St:13 Dx:13 Co:11 In:17 Wi:13 Ch:9  Neutral
Dlvl:4  $:43 HP:0(23) Pw:14(14) AC:8  Xp:3 T:1457 

Latest messages:
 You finish eating the gecko corpse.
 You find a sleeping gas trap.
 You kill the newt!
 You miss the kobold.
 The kobold hits!
 You kill the kobold!
 You decipher the label on your scroll labeled KO BATE.
 C - a scroll of identify.
 What do you want to read? [jkmnpC or ?*] C
 As you read the scroll, it disappears.
 y - an uncursed ring of cold resistance.
 l - an uncursed potion of restore ability.
 You see here 3 daggers.
 Pick a monster, object or location.
 You descend the stairs.
 You kill the jackal!
 You miss the jackal.
 The jackal bites!
 The hobgoblin throws a crude dagger!
 A crude dagger misses you.
 You kill the jackal!
 You miss the hobgoblin.
 You hear crashing rock.
 You kill the hobgoblin!
 There is a jackal corpse here; eat it? [ynq] (n) y
 This jackal corpse tastes okay.
 You finish eating the jackal corpse.
 There is a jackal corpse here; eat it? [ynq] (n) y
 This jackal corpse is stringy.
 You stop eating the jackal corpse.
 You see here a leash.
 D - a leash.
 You see here a partly eaten jackal corpse.
 The dwarf zombie hits!
 You hit the dwarf zombie!
 You hit the dwarf zombie.
 The newt bites!
 The dwarf zombie hits!
 You miss the dwarf zombie.
 The giant bat bites!
 The giant bat bites!
 You destroy the dwarf zombie!
 The newt bites!
 The giant bat bites!
 You die...
 Do you want your possessions identified? [ynq] (y) n
 Do you want to see your attributes? [ynq] (y) n
 Do you want an account of creatures vanquished? [ynaq] (y) n
 Do you want to see your conduct and achievements? [ynq] (y) n
 Do you want to see the dungeon overview? [ynq] (y) n

Inventory:
 Coins    ('$')
  $ - 43 gold pieces
 Weapons  (')')
  a - a +2 bullwhip (alternate weapon; not wielded)
 Armor    ('[')
  c - an uncursed +0 fedora (being worn)
  q - a cursed -1 orcish helm
  b - an uncursed +1 leather jacket (being worn)
 Comestibles  ('%')
  t - 2 uncursed slime molds
  d - 5 uncursed food rations
  s - an uncursed fortune cookie
  B - 2 cursed tripe rations
 Scrolls  ('?')
  k - an uncursed scroll of charging
  p - a cursed scroll of enchant weapon
  j - an uncursed scroll of teleportation
 Spellbooks  ('+')
  m - an uncursed spellbook of healing
  n - an uncursed spellbook of jumping
 Potions  ('!')
  l - an uncursed potion of restore ability
  x - a potion of unholy water
 Rings    ('=')
  y - an uncursed ring of cold resistance
 Tools    ('(')
  h - an empty uncursed sack
  A - an uncursed brass lantern (lit)
  D - an uncursed leash
  e - a +0 pick-axe (weapon in right hand)
  i - an uncursed tin opener
  f - a tinning kit (0:55)
 Gems/Stones  ('*')
  o - an uncursed agate stone
  z - an uncursed worthless piece of green glass
  g - an uncursed touchstone

BeardyHaddock the Archeologist's attributes:

Background:
 You were a Field Worker, a level 3 male gnomish Archeologist.
 You were neutral, on a mission for Camaxtli
 who was opposed by Quetzalcoatl (lawful) and Huhetotl (chaotic).
 You were right-handed.
 You were in the Gnomish Mines, on level 4.
 You entered the dungeon 1457 turns ago.
 It was nighttime.
 You had 68 experience points, 12 more were needed to attain level 4.

Basics:
 You had 0 out of 23 hit points.
 You had all 14 energy points (spell power).
 Your armor class was 8.
 Your wallet contained 43 zorkmids.
 Autopickup was off.

Final Characteristics:
 Your strength was 13 (limit:18/50).
 Your dexterity was 13 (limit:18).
 Your constitution was 11 (limit:18).
 Your intelligence was 17 (limit:19).
 Your wisdom was 13 (limit:18).
 Your charisma was 9 (limit:18).

Final Status:
 You weren't hungry.
 You were unencumbered.
 You were wielding a pick-axe.
 You had basic skill with pick-axe.

Final Attributes:
 You were devoutly aligned.
 You had automatic searching.
 You had infravision.
 You were lucky.
 You are dead.

Miscellaneous:
 You didn't encounter any bones levels.
 Total elapsed playing time was 10 minutes and 46 seconds.

Major events:
 Turn
    1: BeardyHaddock the neutral male gnomish Archeologist entered the dungeon
  918: entered the Gnomish Mines
 1171: attained the rank of Field Worker (level 3)
 1457: killed by a giant bat

Spells:
 Name                 Level Category     Fail Retention
 healing                1   healing        0%  76%-100%
 jumping                1   escape         0%  76%-100%

Skills:
 Fighting Skills
   bare handed combat [Unskilled]
   two weapon combat  [Unskilled]
   riding             [Unskilled]
 Weapon Skills
   dagger             [Unskilled]
   knife              [Unskilled]
   pick-axe           [Basic]
   short sword        [Unskilled]
   saber              [Unskilled]
   club               [Unskilled]
   quarterstaff       [Unskilled]
   sling              [Unskilled]
   dart               [Unskilled]
   boomerang          [Unskilled]
   whip               [Basic]
   unicorn horn       [Unskilled]
 Spellcasting Skills
   attack spells      [Unskilled]
   healing spells     [Unskilled]
   divination spells  [Unskilled]
   matter spells      [Unskilled]

Voluntary challenges:
 Character rerolling was not enabled.
 You never genocided any monsters.
 You never polymorphed an object.
 You never changed form.
 You used no wishes.
Achievements:
 You entered the Gnomish Mines.
 You attained the rank of Field Worker.

 The Dungeons of Doom: levels 1 to 2
    Level 1:
    Level 2:
       Many altars, a fountain.
       Stairs down to The Gnomish Mines.
 The Gnomish Mines: levels 3 to 4
    Level 3:
    Level 4: <- You were here.
       Final resting place for
          you, killed by a giant bat.


Vanquished creatures:
  a gnome leader
  a little dog
  a dwarf zombie
  a large kobold
  a hobgoblin
  4 geckos
  9 jackals
  a fox
  2 kobolds
  a goblin
  3 sewer rats
  2 grid bugs
  5 lichens
  a kobold zombie
  9 newts
42 creatures vanquished.

No species were genocided or became extinct.

Game over:
                       ----------
                      /          \
                     /    REST    \
                    /      IN      \
                   /     PEACE      \
                  /                  \
                  |  BeardyHaddock   |
                  |      43 Au       |
                  |   killed by a    |
                  |    giant bat     |
                  |                  |
                  |                  |
                  |       2026       |
                 *|     *  *  *      | *
        _________)/\\_//(\/(/\)/\//\/|_)_______

Goodbye BeardyHaddock the Archeologist...

You died in The Gnomish Mines on dungeon level 4 with 471 points,
and 43 pieces of gold, after 1457 moves.
You were level 3 with a maximum of 23 hit points when you died.

